 Dungeon Crawl Stone Soup version 0.27.0-1-g7a089689b8 (webtiles) character file.

Game seed: 11809128387485221276

79 ZARRMARR the Shield-Bearer (level 4, 0/60 HPs)
             Began as a Minotaur Fighter on Aug 9, 2021.
             Killed from afar by an orc wizard (3 damage)
             ... with a puff of flame
             ... on level 3 of the Dungeon.
             The game lasted 00:10:52 (2199 turns).

ZARRMARR the Shield-Bearer (Minotaur Fighter)       Turns: 2199, Time: 00:10:53

Health: 0/60       AC: 22    Str: 21    XL:     4   Next: 16%
Magic:  3/3        EV:  2    Int:  5    God:
Gold:   134        SH:  9    Dex: 10    Spells: 3/3 levels left

rFire    . . .     SeeInvis .   a - +0 flail
rCold    . . .     Faith    .   c - +0 kite shield
rNeg     + + +     Spirit   .   (armour currently unavailable)
rPois    +         Reflect  .   (helmet currently unavailable)
rElec    .         Harm     .   (cloak currently unavailable)
rCorr    .         Rampage  .   (gloves currently unavailable)
Will     .....     NoTele   +   (boots currently unavailable)
Stlth    +.........             (no amulet)
HPRegen  0.20/turn              (no ring)
MPRegen  0.08/turn              (no ring)

@: tree-form
A: stationary, stasis, torment immunity, boosted hp, (horns 2), (retaliatory
headbutt)
a: no special abilities


You were on level 3 of the Dungeon.
You were a tree.
You visited 1 branch of the dungeon, and saw 3 of its levels.

You collected 134 gold pieces.

Inventory:

Hand Weapons
 a - a +0 flail (weapon)
Missiles
 g - 36 stones (quivered)
Armour
 c - a +0 kite shield (worn)
 l - a +3 scale mail (melded)
Scrolls
 i - a scroll of teleportation
 j - a scroll of fog
 k - a scroll of magic mapping {unknown}
Potions
 d - a potion of might
 e - a potion of lignification
 f - a potion of brilliance
 h - 2 potions of curing {unknown}


   Skills:
 + Level 4.0 Fighting
 + Level 3.5 Maces & Flails
 + Level 0.1 Throwing
 + Level 4.1 Armour
 + Level 0.5 Dodging
 + Level 0.1 Stealth
 + Level 4.6 Shields


You had 3 spell levels left.
You didn't know any spells.
Your spell library contained the following spells:

 Spells                   Type           Power      Damage    Failure   Level
 Stone Arrow              Conj/Erth      0%         3d7       99%         3
 Animate Armour           Summ/Erth      0%         N/A       100%        4
 Lehudib's Crystal Spear  Conj/Erth      0%         10d2      100%        8


Dungeon Overview and Level Annotations

Branches:
Dungeon (3/15)

Altars:
Qazlal

Annotations:
D:3 2 transporters


Innate Abilities, Weirdness & Mutations

You are a tree.
Your roots penetrate the ground, keeping you stationary.
You cannot be teleported.
You are immune to unholy pain and torment.
Your maximum health is greatly increased.
Your equipment is partially melded.
((You have a pair of horns on your head.))
((You reflexively headbutt those who attack you in melee.))


Message History

The orc hits you with a +0 hand axe. Something hits you.
You hear some strange, mumbled words.
You are confused.
Things that are here:
a +0 dagger; a +0 leather armour; an orc corpse Something hits you but does no damage.
You barely miss the orc.
The orc is lightly wounded.
The orc hits you but does no damage.
You hear some strange, mumbled words.
A magic dart appears from out of thin air!
The magic dart hits you but does no damage.
You sock the orc!
You kill the orc!
You hear some strange, mumbled words.
A magic dart appears from out of thin air!
The magic dart hits you. The orc hits you with a +0 dagger.
You completely miss something.
You feel less confused. Something hits you but does no damage.
You hear some strange, mumbled words.
A puff of flame appears from out of thin air!
The puff of flame hits you!
* * * LOW HITPOINT WARNING * * *
You barely miss something. You headbutt something!
You hear some strange, mumbled words.
A magic dart appears from out of thin air!
The magic dart hits you!
* * * LOW HITPOINT WARNING * * *
Unknown command.
It was a potion of lignification.
You turn into a tree.
Your +3 scale mail melds into your body.
Your roots penetrate the ground.
Something hits you but does no damage.
You closely miss something.
Something hits you but does no damage. x2
You hit something but do no damage. Something hits you but does no damage.
You closely miss something.
You hear some strange, mumbled words.
A puff of flame appears from out of thin air!
The puff of flame hits you.
You die...

##.####.# #.# #............
##.####.# +.+
#.#............ ........#
##.## #.#.####.##.##.
##.####<# ... ..#.#
#.##.##. #.# #+##.####.#.#
#..#.#.. #.#
#..#.#..#.#.#####.#.#.# #.#
#[.')'..#.#.....#.#.#.#
#.#.####.##'#.#.#...#.#.#.#
#.#.....o{♣...#.#####.#.#.#
..#.####.##'#.#.....#.#.#.#
..# #.#..#.#.....#.#.#.#
+.+.)#.#.#####.#.#.#
#.####.#.†.....#.#..
..........####.##.#..
#########.).....#.#..
#.................
###...########....


You could see an orc.

Vanquished Creatures
  An adder (D:3)
  2 worms
  3 orcs (D:3)
  4 ball pythons
  4 endoplasms
  2 giant cockroaches (D:1)
  5 goblins
  5 hobgoblins
  10 jackals (D:1)
  A quokka (D:3)
  9 bats
  A frilled lizard (D:1)
  3 kobolds
  4 rats
54 creatures vanquished.

Vanquished Creatures (others)
  6 plants (D:3)
6 creatures vanquished.

Grand Total: 60 creatures vanquished

Notes
Turn   | Place    | Note
-------+----------+-------------------------------------------
     0 | D:1      | ZARRMARR the Minotaur Fighter began the quest for the Orb.
     0 | D:1      | Reached XP level 1. HP: 19/19 MP: 0/0
   143 | D:1      | Reached XP level 2. HP: 19/26 MP: 1/1
   521 | D:1      | Reached XP level 3. HP: 28/33 MP: 2/2
  1090 | D:2      | Found a faded altar of an unknown god.
  1608 | D:3      | Found a transporter.
  1614 | D:3      | Found a transporter.
  1718 | D:3      | Found a stormy altar of Qazlal.
  1852 | D:3      | Reached XP level 4. HP: 38/40 MP: 3/3
  1888 | D:3      | Identified the +5 halberd of Trog {venom, Str+4}
  2195 | D:3      | HP: 1/40 [something/magic dart (9)]
  2199 | D:3      | Killed from afar by an orc wizard

Illustrated notes

Levels and vault maps discovered:
D:1:      minmay_arrival_split_and_join, layout_basic
D:2:      layout_basic, ebering_ecumenical_altar_rust
D:3:      minmay_door_path, layout_basic,
          mainiacjoe_overflow_concentric_impassable, general_overflow_altar,
          gammafunk_ghost_gnarly_gnolls, serial_co_window_serial,
          co_window_corner_a, co_window_paths_b, co_window_paths_a,
          co_window_corner_a, co_window_corner_a, co_window_2corner,
          co_window_corner_cb, co_window_paths_c, co_window_broadway_a,
          co_window_of_opportunity_c, co_window_paths_c, glass_columns_a,
          glass_columns_b, glass_columns_a, glass_columns_a, glass_columns_b

Skill      XL: |  1  2  3  4 |
---------------+-------------+-----
Shields        | 4 |  4.6
Armour         | 4 |  4.1
Maces & Flails | 3 |  3.5
Fighting       | 4 |  4.0
Throwing       | |  0.1
Dodging        | |  0.5
Stealth        | |  0.1

Action                   |  1- 3 |  4- 6 || total
-------------------------+-------+-------++-------
Melee: Flail             |   127 |    29 ||   156
       Headbutt          |    11 |     5 ||    16
Throw: Stone             |    44 |     4 ||    48
  Use: Scroll            |     3 |       ||     3
       Potion            |       |     1 ||     1
Armor: Scale mail        |   100 |    16 ||   116
       Skin              |       |     4 ||     4
Dodge: Dodged            |    72 |     7 ||    79
Block: Kite shield       |   101 |    14 ||   115
